 Dungeon Crawl Stone Soup version 0.22.1-2-g9c5b331 (webtiles) character file.

1549 colophon the Covert (level 9, -4/52 HPs)
             Began as a Kobold Enchanter on Nov 27, 2018.
             Was an Initiate of Okawaru.
             Engulfed by a steam dragon's steam (12 damage)
             ... on level 6 of the Dungeon.
             The game lasted 00:35:32 (9506 turns).

colophon the Covert (Kobold Enchanter)              Turns: 9506, Time: 00:35:32

Health: -4/52      AC:  3    Str:  5    XL:     9   Next: 12%
Magic:  0/13       EV: 19    Int: 16    God:    Okawaru [......]
Gold:   299        SH:  0    Dex: 19    Spells: 8/14 levels left

rFire    . . .     SeeInvis .   a - +1 dagger
rCold    . . .     Gourm    .   (shield restricted)
rNeg     . . .     Faith    .   b - +0 robe
rPois    .         Spirit   .   (no helmet)
rElec    .         Reflect  .   o - +0 cloak
rCorr    .         Harm     .   (no gloves)
MR       .....                  (no boots)
Stlth    ++++......             (no amulet)
HPRegen  0.17/turn              (no ring)
MPRegen  0.13/turn              (no ring)

@: very slightly contaminated
A: small, carnivore
a: Renounce Religion


You were on level 6 of the Dungeon.
You worshipped Okawaru.
Okawaru was noncommittal.
You were completely stuffed.

You visited 2 branches of the dungeon, and saw 7 of its levels.

You collected 299 gold pieces.

Inventory:

Hand Weapons
 a - a +1 dagger (weapon)
Missiles
 r - 20 bolts
Armour
 b - a +0 robe (worn)
 f - a +2 pair of boots
 o - a +0 cloak (worn)
 q - a +0 leather armour of magic resistance
 s - a +1 hat
 w - a +3 leather armour
Jewellery
 k - an uncursed ring of flight {unknown}
Scrolls
 c - a scroll of random uselessness {unknown}
 e - a scroll of magic mapping {unknown}
 g - 2 scrolls of remove curse {unknown}
 j - 3 scrolls of identify
 l - a scroll of fear {unknown}
 t - 2 scrolls of teleportation {unknown}
Potions
 h - 4 potions of curing
 i - a potion of experience {unknown}
 m - 2 potions of lignification
 n - 2 potions of brilliance {unknown}
 p - a potion of resistance {unknown}
 v - a potion of magic {unknown}
Comestibles
 d - 8 rations


   Skills:
 + Level 3.7 Fighting
 + Level 6.3 Short Blades
 + Level 6.2 Dodging
 + Level 8.0 Stealth
 + Level 3.1 Spellcasting
 - Level 5.0 Hexes
 - Level 3.0 Ice Magic


You had 8 spell levels left.
You knew the following spells:

 Your Spells              Type           Power        Failure   Level  Hunger
a - Corona                Hex            ###....      2%          1    None
b - Ensorcelled Hibernat  Hex/Ice        ###...       5%          2    ##.....
c - Confuse               Hex            ###.....     7%          3    ###....

Your spell library contained the following spells:

 Spells                   Type           Power        Failure   Level  Hunger
 Confusing Touch          Hex            ###...       2%          1    None
 Tukima's Dance           Hex            ###.....     7%          3    ###....
 Summon Small Mammal      Summ           #...         19%         1    None
 Dazzling Spray           Conj/Hex       ##....       21%         3    ###....
 Summon Guardian Golem    Hex/Summ       ##......     21%         3    ###....
 Call Imp                 Summ           #.......     28%         2    ##.....
 Call Canine Familiar     Summ           #.......     50%         3    ###....
 Gell's Gravitas          Tloc           #.........   50%         3    ###....
 Summon Ice Beast         Ice/Summ       #.......     69%         4    ####...
 Metabolic Englaciation   Hex/Ice        ###.......   69%         5    ######.
 Petrify                  Tmut/Erth      #.......     88%         4    ####...
 Summon Lightning Spire   Summ/Air       #.......     88%         4    ####...
 Yara's Violent Unravell  Hex/Tmut       ##........   88%         5    ######.


Dungeon Overview and Level Annotations

Branches:
Dungeon (6/15)             Temple (1/1) D:5

Altars:
Okawaru
Qazlal
Sif Muna
The Shining One


Innate Abilities, Weirdness & Mutations

You are small and have problems with some larger weapons.
You are carnivorous and can eat meat at any time.


Message History

The ball of steam misses you.
Casting: Ensorcelled Hibernation (safe; 5% risk of failure)
Confirm with . or Enter, or press ? or * to list all spells.
Aiming: Ensorcelled Hibernation (safe; 5% risk of failure)
Press: ? - help, Shift-Dir - straight line, f/p - steam dragon
Aim: a steam dragon (catching its breath, chance to defeat MR: 46%)
You miscast Ensorcelled Hibernation.
You are very lightly contaminated with residual magic.
Nothing appears to happen.
You are engulfed in a cloud of scalding steam.
* * * LOW HITPOINT WARNING * * *
The steam dragon closely misses you. The steam dragon completely misses you.
Casting: Ensorcelled Hibernation (safe; 5% risk of failure)
Confirm with . or Enter, or press ? or * to list all spells.
Aiming: Ensorcelled Hibernation (safe; 5% risk of failure)
Press: ? - help, Shift-Dir - straight line, f/p - steam dragon
Aim: a steam dragon (catching its breath, chance to defeat MR: 46%)
The steam dragon resists with some effort.
You are engulfed in a cloud of scalding steam.
You die...

.##.(....##.#.######
#.# .
#......##.#.### #.#
####.####.#...# #.#
#.####.#.###########
#.#
#.#................#
#.#
#.#.########..####.#
#.# # ##≈≈.###.#
#.###.# #≈≈...#..#
#.....# #≈.⌠.D@..#
####### #≈....#.##
#≈....#### #≈.####
#≈. #≈ #


You could see a steam dragon.

Vanquished Creatures
  Sigmund (D:3)
  Menkaure (D:5)
  An ice beast (D:5)
  An ogre (D:4)
  2 centaurs
  A scorpion (D:4)
  A crimson imp (D:6)
  Crazy Yiuf (D:3)
  2 hounds
  2 orc priests
  5 orc wizards
  A bullfrog skeleton (D:4)
  A centaur skeleton (D:5)
  8 worker ants
  Natasha (thrice) (D:3)
  A killer bee zombie (D:5)
  9 adders
  2 shadow imps
  2 oozes
  An adder skeleton (D:4)
  3 worms (D:2)
  5 leopard geckos
  18 orcs
  8 bats
  5 giant cockroaches
  11 goblins
  4 hobgoblins
  4 jackals (D:3)
  A quokka (D:3)
  2 frilled lizards
  3 kobolds (D:2)
  A leopard gecko skeleton (D:5)
  7 rats
118 creatures vanquished.

Notes
Turn   | Place    | Note
-------+----------+-------------------------------------------
     0 | D:1      | colophon the Kobold Enchanter began the quest for the Orb.
     0 | D:1      | Reached XP level 1. HP: 10/10 MP: 3/3
   168 | D:1      | Reached XP level 2. HP: 16/16 MP: 3/5
   182 | D:1      | Learned a level 2 spell: Ensorcelled Hibernation
   837 | D:1      | Reached XP level 3. HP: 5/20 MP: 1/6
  1096 | D:1      | Reached skill level 1 in Fighting
  2298 | D:2      | Reached XP level 4. HP: 25/25 MP: 4/7
  2947 | D:2      | Learned a level 3 spell: Confuse
  3287 | D:3      | Reached skill level 1 in Ice Magic
  3312 | D:3      | Found a runed door.
  3433 | D:3      | Noticed Natasha
  3438 | D:3      | Killed Natasha
  3438 | D:3      | Reached XP level 5. HP: 29/29 MP: 3/8
  3556 | D:3      | Noticed Natasha
  3701 | D:3      | Reached skill level 5 in Stealth
  3928 | D:3      | Killed Natasha
  4435 | D:3      | Reached XP level 6. HP: 35/35 MP: 3/9
  4903 | D:3      | Noticed Sigmund
  4911 | D:3      | Killed Sigmund
  4911 | D:3      | Reached XP level 7. HP: 40/40 MP: 4/10
  5086 | D:3      | Noticed Natasha
  5094 | D:3      | Killed Natasha
  5273 | D:3      | Noticed Crazy Yiuf
  5277 | D:3      | Killed Crazy Yiuf
  5277 | D:3      | Reached skill level 6 in Stealth
  6152 | D:4      | Reached skill level 5 in Short Blades
  6152 | D:4      | Reached skill level 5 in Dodging
  6152 | D:4      | Reached XP level 8. HP: 25/46 MP: 3/12
  6629 | D:5      | Entered Level 5 of the Dungeon
  6661 | D:5      | Reached skill level 7 in Stealth
  6933 | D:5      | Found a staircase to the Ecumenical Temple.
  6936 | D:5      | Noticed Menkaure
  7991 | D:5      | Killed Menkaure
  8093 | Temple   | Entered the Ecumenical Temple
  8145 | Temple   | Became a worshipper of Warmaster Okawaru
  8893 | D:6      | Reached skill level 5 in Hexes
  8893 | D:6      | Reached XP level 9. HP: 40/51 MP: 8/13
  9116 | D:6      | Reached skill level 8 in Stealth
  9506 | D:6      | Engulfed by a steam dragon's steam

Skill      XL: |  1  2  3  4  5  6  7  8  9 |
---------------+----------------------------+-----
Short Blades   | 2 3 4 5 6 |  6.3
Fighting       | 1 2 3 |  3.7
Dodging        | 3 4 5 6 |  6.2
Ice Magic      | 1 2 3 |  3.0
Stealth        | 5 6 7 8 |  8.0
Hexes          | 4 5 |  5.0
Spellcasting   | 3 |  3.1

Action                   |  1- 3 |  4- 6 |  7- 9 || total
-------------------------+-------+-------+-------++-------
Melee: Dagger            |    87 |    58 |   155 ||   300
 Cast: Corona            |     4 |     2 |       ||     6
       Ensorcelled Hiber |    30 |    38 |    89 ||   157
       Confuse           |       |     2 |    15 ||    17
  Use: Scroll            |       |       |     2 ||     2
 Stab: Sleeping          |    21 |    25 |    44 ||    90
       Confused          |       |       |     6 ||     6
  Eat: Chunk             |    15 |    11 |    21 ||    47
Armor: Robe              |    16 |     6 |    12 ||    34
Dodge: Dodged            |    77 |    45 |   140 ||   262
